 Dungeon Crawl Stone Soup version 0.24-a0-581-gc0fa6600bf (webtiles) character file.

Game seed: 4452182021201124421

3677 Ijustatesigmund the Blocker (level 10, -1/80 HPs)
             Began as a Gnoll Fighter on Aug 23, 2019.
             Was an Initiate of Cheibriados.
             Slain by a two-headed ogre
             ... wielding a +0 giant club
              (12 damage)
             ... on level 8 of the Dungeon.
             The game lasted 00:18:07 (8041 turns).

Ijustatesigmund the Blocker (Gnoll Fighter)         Turns: 8041, Time: 00:18:07

Health: -1/80      AC: 18    Str: 20    XL:     10   Next: 13%
Magic:  17/17      EV:  8    Int: 12    God:    Cheibriados [......]
Gold:   65         SH: 15    Dex: 18    Spells: 18/18 levels left

rFire    + . .     SeeInvis .   s - +4 whip of Descent {slash, rF+ rC++}
rCold    + + +     Gourm    .   c - +0 shield
rNeg     + . .     Faith    .   b - +0 plate armour {rC+}
rPois    +         Spirit   .   (no helmet)
rElec    .         Reflect  +   w - +0 cloak
rCorr    .         Harm     .   o - +1 pair of gloves
MR       .....                  g - +0 pair of boots
Stlth    ..........             t - +3 amulet of reflection
HPRegen  0.63/turn              u - ring of positive energy
MPRegen  0.15/turn              D - ring of poison resistance

@: very slow
A: distributed training, fangs 1, cold resistance 1, deterioration 1,
regeneration 1, strong nose
a: Bend Time, Renounce Religion


You were on level 8 of the Dungeon.
You worshipped Cheibriados.
Cheibriados was noncommittal.
You were not hungry.

You visited 2 branches of the dungeon, and saw 9 of its levels.
You also visited: Bailey.

You collected 377 gold pieces.
You spent 312 gold pieces at shops.

Inventory:

Hand Weapons
 a - a +1 flail
 s - the +4 whip of Descent (weapon) {slash, rF+ rC++}
   (You found it on level 5 of the Dungeon)

   It inflicts extra damage upon your enemies.
   It protects you from fire.
   It greatly protects you from cold.
 z - a +5 flail
Armour
 b - a +0 plate armour of cold resistance (worn)
 c - a +0 shield (worn)
 g - a +0 pair of boots (worn)
 o - a +1 pair of gloves (worn)
 w - a +0 cloak (worn)
Jewellery
 t - a +3 amulet of reflection (around neck)
 u - a ring of positive energy (left hand)
 A - an uncursed amulet of the gourmand
 D - a ring of poison resistance (right hand)
 H - an uncursed ring of wizardry {unknown}
Wands
 p - a wand of polymorph (6)
 r - a wand of disintegration (12)
 y - a wand of iceblast (9)
Scrolls
 e - a scroll of blinking
 l - 3 scrolls of teleportation
 C - 2 scrolls of identify
Potions
 d - 4 potions of might
 h - 4 potions of curing
 i - 2 potions of brilliance
 j - 3 potions of flight
 k - a potion of haste
 m - a potion of cancellation
 n - a potion of experience {unknown}
 q - 2 potions of agility
 v - a potion of berserk rage
 x - 3 potions of lignification
 B - 2 potions of heal wounds
 E - 3 potions of magic {unknown}
 F - a potion of mutation
Comestibles
 f - 10 rations


   Skills:
 + Level 8.2 Fighting
 + Level 4.9 Short Blades
 + Level 4.9 Long Blades
 + Level 4.9 Axes
 + Level 6.8 Maces & Flails
 + Level 4.9 Polearms
 + Level 4.9 Staves
 + Level 4.9 Slings
 + Level 4.9 Bows
 + Level 4.9 Crossbows
 + Level 4.9 Throwing
 + Level 8.2 Armour
 + Level 4.9 Dodging
 + Level 4.9 Stealth
 + Level 8.2 Shields
 + Level 4.9 Unarmed Combat
 + Level 4.9 Spellcasting
 + Level 4.0 Conjurations
 + Level 4.0 Hexes
 + Level 4.0 Charms
 + Level 4.0 Summonings
 + Level 4.0 Necromancy
 + Level 4.0 Translocations
 + Level 4.0 Transmutations
 + Level 4.0 Fire Magic
 + Level 4.0 Ice Magic
 + Level 4.0 Air Magic
 + Level 4.0 Earth Magic
 + Level 4.0 Poison Magic
 + Level 5.3 Invocations
 + Level 4.9 Evocations


You had 18 spell levels left.
You didn't know any spells.
Your spell library was empty.

Dungeon Overview and Level Annotations

Branches:
Dungeon (8/15)             Temple (1/1) D:7          Bailey (visited)
   Lair: D:8-11

Altars:
Ashenzari
Cheibriados
Dithmenos
Elyvilon
Fedhas
Gozag
Hepliaklqana
Kikubaaqudgha
Makhleb
Nemelex Xobeh
Okawaru
Qazlal
Ru
Sif Muna
Trog
Uskayaw
Vehumet
Wu Jian
Xom
Yredelemnul
Zin
The Shining One

Shops:
D:6 !(


Innate Abilities, Weirdness & Mutations

Your experience applies equally to all skills.
You have very sharp teeth.
Your uncanny sense of smell can sniff out nearby items.
Your flesh is cold resistant. (rC+)
Your body sometimes deteriorates upon taking damage.
Your natural rate of healing is unusually fast.


Message History

You are too injured to fight recklessly!
You are too injured to fight recklessly!
You hit the two-headed ogre.
The two-headed ogre is moderately wounded.
You hit the two-headed ogre but do no damage.
The two-headed ogre is moderately wounded.
You block the two-headed ogre's attack.
The two-headed ogre hits you with a +0 giant club!
You hit the two-headed ogre.
The two-headed ogre is heavily wounded.
The two-headed ogre barely misses you.
The two-headed ogre hits you with a +0 giant club!
* * * LOW HITPOINT WARNING * * *
You hit the two-headed ogre.
The two-headed ogre is heavily wounded.
You closely miss the two-headed ogre. Your bite misses the two-headed ogre.
The two-headed ogre is heavily wounded.
You block the two-headed ogre's attack.
The two-headed ogre hits you with a +0 giant club!
You die...

############
..........#########
#..................
#..####.#...#######
####..####.#.......)..
#.......##.#...#######
#
.../.#@#.##>#.........#
#.
##.#.O.#...........)..#
#..##
##..####.#.#.####...
#....####.##.[# #.#.#.#
#).) #.(..<....##..#
#.#.#.# #.))
..........####.$# #.#
#.# #.)) ####...##.#
#### ### #..###.<.
..#.. .# ...#...> #.#
... # ∆∆ #......


You could see a two-headed ogre.

Vanquished Creatures
  A two-headed ogre (D:8)
  An orc knight (Bailey)
  2 hippogriffs
  An ice beast (D:7)
  5 ogres
  2 centaurs (D:7)
  A bullfrog (D:8)
  A scorpion (D:4)
  4 wights (D:8)
  3 howler monkeys (D:7)
  A bullfrog zombie (D:7)
  2 crimson imps (D:7)
  A hound (D:8)
  A centaur skeleton (D:4)
  A jelly (D:8)
  3 orc wizards
  3 orc priests
  7 worker ants
  2 iguanas
  A hound zombie (D:8)
  A worker ant zombie (D:7)
  A howler monkey skeleton (D:4)
  14 gnolls
  16 adders
  2 oozes
  An adder zombie (D:7)
  2 worms (D:2)
  2 dart slugs
  2 leopard geckos
  17 orcs
  A ball python (D:5)
  6 giant cockroaches
  7 goblins
  22 hobgoblins
  11 jackals
  4 quokkas
  7 bats
  8 frilled lizards
  14 kobolds
  A quokka skeleton (D:5)
  6 rats
188 creatures vanquished.

Vanquished Creatures (others)
  A centaur (D:7)
  2 kobolds (Bailey)
3 creatures vanquished.

Grand Total: 191 creatures vanquished

Notes
Turn   | Place    | Note
-------+----------+-------------------------------------------
     0 | D:1      | Ijustatesigmund the Gnoll Fighter began the quest for the
                  | Orb.
     0 | D:1      | Reached XP level 1. HP: 23/23 MP: 1/1
    44 | D:1      | Reached XP level 2. HP: 20/29 MP: 2/2
   419 | D:1      | Reached XP level 3. HP: 35/35 MP: 3/3
   712 | D:1      | Reached skill level 1 in Invocations
   870 | D:2      | Reached skill level 1 in Short Blades
   870 | D:2      | Reached skill level 1 in Long Blades
   870 | D:2      | Reached skill level 1 in Axes
   870 | D:2      | Reached skill level 1 in Polearms
   870 | D:2      | Reached skill level 1 in Staves
   870 | D:2      | Reached skill level 1 in Slings
   870 | D:2      | Reached skill level 1 in Bows
   870 | D:2      | Reached skill level 1 in Crossbows
   870 | D:2      | Reached skill level 1 in Throwing
   870 | D:2      | Reached skill level 1 in Dodging
   870 | D:2      | Reached skill level 1 in Stealth
   870 | D:2      | Reached skill level 1 in Unarmed Combat
   870 | D:2      | Reached skill level 1 in Spellcasting
   870 | D:2      | Reached skill level 1 in Evocations
   870 | D:2      | Reached XP level 4. HP: 26/41 MP: 5/5
  1013 | D:2      | Found a hazy altar of Hepliaklqana.
  1557 | D:1      | Reached skill level 1 in Conjurations
  1557 | D:1      | Reached skill level 1 in Hexes
  1557 | D:1      | Reached skill level 1 in Charms
  1557 | D:1      | Reached skill level 1 in Summonings
  1557 | D:1      | Reached skill level 1 in Necromancy
  1557 | D:1      | Reached skill level 1 in Translocations
  1557 | D:1      | Reached skill level 1 in Transmutations
  1557 | D:1      | Reached skill level 1 in Fire Magic
  1557 | D:1      | Reached skill level 1 in Ice Magic
  1557 | D:1      | Reached skill level 1 in Air Magic
  1557 | D:1      | Reached skill level 1 in Earth Magic
  1557 | D:1      | Reached skill level 1 in Poison Magic
  1777 | D:2      | Reached XP level 5. HP: 44/47 MP: 6/6
  2490 | D:3      | Reached XP level 6. HP: 40/53 MP: 8/8
  2953 | D:4      | Reached skill level 5 in Maces & Flails
  3034 | D:4      | Reached XP level 7. HP: 35/59 MP: 10/10
  3753 | D:5      | Entered Level 5 of the Dungeon
  3968 | D:5      | Got a pitted whip
  3969 | D:5      | Identified the +4 whip of Descent {slash, rF+ rC++} (You
                  | found it on level 5 of the Dungeon)
  4571 | D:6      | Found Qoklya's Weapon Emporium.
  4609 | D:6      | Found Plog's Distillery.
  4616 | D:6      | Bought a potion of heal wounds for 60 gold pieces
  4813 | D:6      | Found a basalt altar of Yredelemnul.
  5223 | D:7      | Found a staircase to the Ecumenical Temple.
  5252 | D:7      | Reached XP level 8. HP: 67/67 MP: 12/12
  5413 | D:7      | Found a flagged portal.
  5433 | Bailey   | Entered a bailey
  5762 | Bailey   | Noticed an orc knight
  6305 | Bailey   | Killed an orc knight
  6305 | Bailey   | Reached XP level 9. HP: 45/72 MP: 12/14
  6701 | D:7      | Found a white marble altar of Elyvilon.
  7265 | D:6      | Bought 2 potions of mutation for 192 gold pieces
  7265 | D:6      | Bought a potion of heal wounds for 60 gold pieces
  7265 | D:6      | Gained mutation: Scrolls take you a little longer to read.
                  | [potion of mutation]
  7265 | D:6      | Gained mutation: You are agile. (Dex +2) [potion of
                  | mutation]
  7265 | D:6      | Gained mutation: Your mind is acute. (Int +2) [potion of
                  | mutation]
  7265 | D:6      | Gained mutation: You are surrounded by a mild repulsion
                  | field. (EV +2) [potion of mutation]
  7266 | D:6      | Lost mutation: Scrolls take you a little longer to read.
                  | [potion of mutation]
  7266 | D:6      | Lost mutation: Your mind is acute. (Int +2) [potion of
                  | mutation]
  7266 | D:6      | Lost mutation: You are surrounded by a mild repulsion
                  | field. (EV +2) [potion of mutation]
  7266 | D:6      | Lost mutation: You are agile. (Dex +2) [potion of mutation]
  7266 | D:6      | Gained mutation: You are resistant to hostile enchantments.
                  | (MR+) [potion of mutation]
  7266 | D:6      | Gained mutation: Scrolls take you a little longer to read.
                  | [potion of mutation]
  7266 | D:6      | Gained mutation: You have large cloven feet. [potion of
                  | mutation]
  7266 | D:6      | Gained mutation: You have sharp fingernails. [potion of
                  | mutation]
  7267 | D:6      | Lost mutation: You are resistant to hostile enchantments.
                  | (MR+) [potion of mutation]
  7267 | D:6      | Lost mutation: You have sharp fingernails. [potion of
                  | mutation]
  7267 | D:6      | Gained mutation: You are frail. (-10% HP) [potion of
                  | mutation]
  7267 | D:6      | Lost mutation: You are frail. (-10% HP) [potion of
                  | mutation]
  7268 | D:6      | Lost mutation: You have large cloven feet. [potion of
                  | mutation]
  7268 | D:6      | Lost mutation: Scrolls take you a little longer to read.
                  | [potion of mutation]
  7268 | D:6      | Gained mutation: You have a pair of small antennae on your
                  | head. [potion of mutation]
  7268 | D:6      | Gained mutation: You are agile. (Dex +2) [potion of
                  | mutation]
  7269 | D:6      | Lost mutation: You have a pair of small antennae on your
                  | head. [potion of mutation]
  7269 | D:6      | Lost mutation: You are agile. (Dex +2) [potion of mutation]
  7269 | D:6      | Gained mutation: Your natural rate of healing is unusually
                  | fast. [potion of mutation]
  7269 | D:6      | Gained mutation: Your body sometimes deteriorates upon
                  | taking damage. [potion of mutation]
  7269 | D:6      | Gained mutation: Your flesh is cold resistant. (rC+)
                  | [potion of mutation]
  7603 | Temple   | Entered the Ecumenical Temple
  7722 | Temple   | Became a worshipper of Cheibriados the Contemplative
  7821 | D:8      | Reached skill level 5 in Invocations
  7833 | D:8      | Noticed a two-headed ogre
  7867 | D:8      | Killed a two-headed ogre
  7867 | D:8      | Reached XP level 10. HP: 38/80 MP: 15/17
  8032 | D:8      | Noticed a two-headed ogre
  8041 | D:8      | Slain by a two-headed ogre

Levels and vault maps discovered:
D:1:      zelgadis_glass_arrival_small, layout_loops_cross,
          kennysheep_minor_cross
D:2:      layout_loops_ring, overflow_temple_1_default, minmay_heptomino_w4
D:3:      layout_rooms, first_ration, serial_bayou_pond_a
D:4:      layout_loops_ring
D:5:      layout_gridville
D:6:      layout_loops_cross, serial_shops, shop, shop,
          yredelemnul_altar_generic
D:7:      layout_basic, temple_green, enter_bailey_1, elyvilon_altar_5
D:8:      minmay_bloctagon, layout_loops_ring
Temple:   kilobyte_greek_temple

Skill      XL: |  1  2  3  4  5  6  7  8  9 |
---------------+----------------------------+-----
Invocations    | 1 2 3 4 5 |  5.3
Short Blades   | 1 2 3 4 |  4.9
Long Blades    | 1 2 3 4 |  4.9
Axes           | 1 2 3 4 |  4.9
Polearms       | 1 2 3 4 |  4.9
Staves         | 1 2 3 4 |  4.9
Slings         | 1 2 3 4 |  4.9
Bows           | 1 2 3 4 |  4.9
Crossbows      | 1 2 3 4 |  4.9
Throwing       | 1 2 3 4 |  4.9
Dodging        | 1 2 3 4 |  4.9
Stealth        | 1 2 3 4 |  4.9
Unarmed Combat | 1 2 3 4 |  4.9
Spellcasting   | 1 2 3 4 |  4.9
Evocations     | 1 2 3 4 |  4.9
Conjurations   | 1 2 3 4 |  4.0
Hexes          | 1 2 3 4 |  4.0
Charms         | 1 2 3 4 |  4.0
Summonings     | 1 2 3 4 |  4.0
Necromancy     | 1 2 3 4 |  4.0
Translocations | 1 2 3 4 |  4.0
Transmutations | 1 2 3 4 |  4.0
Fire Magic     | 1 2 3 4 |  4.0
Ice Magic      | 1 2 3 4 |  4.0
Air Magic      | 1 2 3 4 |  4.0
Earth Magic    | 1 2 3 4 |  4.0
Poison Magic   | 1 2 3 4 |  4.0
Maces & Flails | 5 6 |  6.8
Fighting       | 7 8 |  8.2
Armour         | 7 8 |  8.2
Shields        | 7 8 |  8.2

Action                   |  1- 3 |  4- 6 |  7- 9 | 10-12 || total
-------------------------+-------+-------+-------+-------++-------
Melee: Flail             |   116 |   222 |    79 |       ||   417
       Bite              |    15 |    27 |    73 |     2 ||   117
       Whip              |       |       |   376 |    16 ||   392
Evoke: Wand              |       |       |     3 |       ||     3
  Use: Scroll            |     2 |     4 |    15 |       ||    21
       Potion            |     1 |     1 |    11 |       ||    13
 Stab: Invisible         |       |       |     1 |       ||     1
  Eat: Chunk             |       |     7 |    11 |       ||    18
       Ration            |       |       |     2 |       ||     2
Armor: Scale mail        |    14 |       |       |       ||    14
       Chain mail        |    38 |   119 |    28 |       ||   185
       Plate armour      |       |       |   145 |     2 ||   147
Dodge: Dodged            |    32 |    61 |    88 |     3 ||   184
Block: Shield            |    82 |   133 |   318 |    10 ||   543
       Reflection        |       |       |    18 |       ||    18

Table legend:
 A = Non-vault XP
 B = Vault XP
 C = Vault XP percentage of total XP
 D = Non-vault monster count
 E = Vault monster count
 F = Vault count percentage of total count
                 A         B        C        D         E       F
            +---------+---------+-------+---------+---------+-------
      Total |    4331 |     923 |  17.6 |     153 |      38 |  19.9
            +---------+---------+-------+---------+---------+-------
        D:1 |      77 |       0 |   0.0 |      30 |       0 |   0.0
        D:2 |     165 |      15 |   8.3 |      25 |       5 |  16.7
        D:3 |     123 |       0 |   0.0 |      21 |       0 |   0.0
        D:4 |     462 |       0 |   0.0 |      21 |       0 |   0.0
        D:5 |     166 |       0 |   0.0 |       6 |       0 |   0.0
        D:6 |      12 |       0 |   0.0 |       6 |       0 |   0.0
        D:7 |    1503 |       0 |   0.0 |      23 |       0 |   0.0
        D:8 |    1823 |       0 |   0.0 |      21 |       0 |   0.0
     Bailey |       0 |     908 | 100.0 |       0 |      33 | 100.0
            +---------+---------+-------+---------+---------+-------
